 Dungeon Crawl Stone Soup version 0.30-a0-924-g0ad0bf95bc (webtiles) character file.

Game seed: 7119328689398117815

504 GloriousHammer the Trooper (level 7, 0/74 HPs)
             Began as an Ogre Cinder Acolyte on Mar 22, 2023.
             Was a Priest of Ignis.
             Slain by a sleepcap (4 damage)
             ... on level 5 of the Dungeon.
             The game lasted 00:09:42 (5275 turns).

GloriousHammer the Trooper (Ogre Cinder Acolyte)    Turns: 5275, Time: 00:09:43

Health: 0/74       AC: 10    Str: 19    XL:     7   Next: 17%
Magic:  3/12       EV:  9    Int: 17    God:    Ignis [***...]
Gold:   6          SH:  5    Dex:  4    Spells: 8/13 levels left

rFire   + . .      SeeInvis .    t - +1 whip (holy)
rCold   . . .      Faith    .    (no shield)
rNeg    . . .      Spirit   .    b - +0 robe
rPois   .          Reflect  +    (helmet restricted)
rElec   .          Rampage  .    (no cloak)
rCorr   .                        (gloves unavailable)
Will    .....                    (boots unavailable)
Stlth   +                        w - amulet of reflection
HPRegen 0.32/turn                (no ring)
MPRegen 0.13/turn                (no ring)

@: fiery-armoured
A: large, unfitting armour, tough skin 1
a: Renounce Religion, Fiery Armour, Foxfire Swarm, Rising Flame


You were on level 5 of the Dungeon.
You worshipped Ignis.
Ignis was most pleased with you.
You visited 1 branch of the dungeon, and saw 5 of its levels.
You also visited: Sewer.

You collected 196 gold pieces.
You spent 190 gold pieces at shops.

Inventory:

Hand Weapons
 a - a -1 mace of flaming
 s - a +0 sling
 t - a +1 whip of holy wrath (weapon)
Missiles
 j - 35 stones
 n - 6 javelins
 x - 7 poisoned darts
 B - 6 large rocks (quivered)
Armour
 b - a +0 robe (worn)
Jewellery
 w - an amulet of reflection (around neck)
Wands
 r - a wand of polymorph (4)
Scrolls
 e - 3 scrolls of fog
 f - 3 scrolls of amnesia
 k - 3 scrolls of teleportation
 l - 2 scrolls of poison {unknown}
 o - 3 scrolls of immolation
 u - 2 scrolls of fear {unknown}
 y - 3 scrolls of summoning
 C - a scroll of brand weapon
Potions
 c - 2 potions of lignification {unknown}
 d - a potion of might {unknown}
 g - a potion of flight {unknown}
 h - a potion of degeneration {unknown}
 i - 3 potions of invisibility
 p - 3 potions of curing
 q - 3 potions of attraction {unknown}
 v - 2 potions of brilliance {unknown}
 z - a potion of haste {unknown}
 A - 2 potions of heal wounds {unknown}


   Skills:
 + Level 5.9 Fighting
 + Level 4.0 Maces & Flails
 + Level 1.1 Throwing
 + Level 3.7 Spellcasting
 - Level 4.0 Fire Magic
 + Level 2.1 Air Magic


You had 8 spell levels left.
You knew the following spells:

 Your Spells              Type           Power      Damage    Failure   Level
a - Scorch                Fire           32%        2d7       4%          2
b - Swiftness             Air            10%        N/A       21%         3

Your spell library contained the following spells:

 Spells                   Type           Power      Damage    Failure   Level
 Shock                    Conj/Air       24%        1d4       11%         1
 Apportation              Tloc           6%         N/A       16%         1
 Airstrike                Air            5%         2d(1-17)  54%         4
 Alistair's Intoxication  Tmut/Pois      2%         N/A       99%         5


Dungeon Overview and Level Annotations

Branches:
Dungeon (5/15)              Sewer (visited)
 Temple: D:4-7

Altars:
Ashenzari
Fedhas
Okawaru
Sif Muna

Shops:
D:3 :*

Annotations:
D:3 2 transporters, superbruh's ghost, weakling GrFi


Innate Abilities, Weirdness & Mutations

You are too large for most types of armour.
You have tough skin. (AC +1)


Message History

Confirm with . or Enter, or press ? or * to list all spells.
Flames lash the black bear.
The black bear is moderately wounded.
The black bear's fire resistance burns away.
Casting: Scorch (safe; 4% risk of failure)
Confirm with . or Enter, or press ? or * to list all spells.
Flames lash the black bear.
The black bear is burned terribly!
The black bear is severely wounded.
The scorpion barely misses you.
The black bear bites you but does no damage.
You block the black bear's attack.
The black bear claws you but does no damage.
Casting: Scorch (safe; 4% risk of failure)
Confirm with . or Enter, or press ? or * to list all spells.
Flames lash the black bear.
The black bear is burned terribly!
The black bear is severely wounded.
The scorpion stings you. The sleepcap closely misses you.
The black bear goes berserk!
Casting: Scorch (safe; 4% risk of failure)
Confirm with . or Enter, or press ? or * to list all spells.
Flames lash the sleepcap.
The sleepcap is lightly damaged.
The sleepcap's fire resistance burns away.
The scorpion stings you. You block the black bear's attack.
The black bear claws you. You block the black bear's attack.
The sleepcap closely misses you. The scorpion barely misses you.
Casting: Scorch (safe; 4% risk of failure)
Confirm with . or Enter, or press ? or * to list all spells.
Flames lash the scorpion.
The scorpion is lightly wounded.
The scorpion's fire resistance burns away.
You hear a shout!
The black bear bites you! The black bear claws you. x2
You block the scorpion's attack. The black bear bites you.
The black bear claws you. x2; The sleepcap releases spores at you.
You closely miss the black bear.
The black bear is severely wounded.
The black bear bites you! The black bear closely misses you. x2
The scorpion barely misses you.
Unknown command.
Activating: Foxfire Swarm
Press: ? - help, Dir - look around, f - activate Flames leap up around you!
The sleepcap is no longer more vulnerable to fire.
The sleepcap barely misses you. The black bear bites you!
* * * LOW HITPOINT WARNING * * *
The black bear claws you.
* * * LOW HITPOINT WARNING * * *
The black bear claws you.
* * * LOW HITPOINT WARNING * * *
You block the scorpion's attack.
Okay, then.
Okay, then.
Okay, then.
A protective cloak of flame settles atop you.
The scorpion is no longer more vulnerable to fire.
The foxfire hits the scorpion but does no damage.
The scorpion is lightly wounded.
The foxfire hits the sleepcap.
The sleepcap is lightly damaged.
The foxfire hits the black bear.
The black bear is burned terribly!
The black bear is almost dead.
The foxfire hits the black bear.
The black bear is burned terribly!
The black bear is almost dead.
The foxfire hits the scorpion but does no damage.
The scorpion is lightly wounded.
The foxfire hits the scorpion.
The scorpion is lightly wounded.
The foxfire hits the black bear but does no damage.
The black bear is almost dead.
The foxfire hits the scorpion.
The scorpion is lightly wounded.
The foxfire hits the black bear.
The black bear is burned terribly!
You kill the black bear!
The foxfire hits the sleepcap.
The sleepcap is moderately damaged.
The foxfire hits the sleepcap but does no damage.
The sleepcap is moderately damaged.
The foxfire hits the scorpion.
The scorpion is moderately wounded.
The foxfire hits the sleepcap.
The sleepcap is heavily damaged.
The foxfire hits the scorpion.
The scorpion is moderately wounded.
The foxfire hits the scorpion but does no damage.
The scorpion is moderately wounded.
The foxfire hits the scorpion but does no damage.
The scorpion is moderately wounded.
The foxfire hits the sleepcap.
The sleepcap is heavily damaged.
The foxfire hits the scorpion.
The scorpion is heavily wounded.
The foxfire hits the scorpion.
The scorpion is heavily wounded.
The foxfire hits the scorpion but does no damage.
The scorpion is heavily wounded.
The foxfire hits the sleepcap but does no damage.
The sleepcap is heavily damaged.
The sleepcap releases spores at you.
You die...

#..#. ## ...#[
..#
$...#######.#
........#..##
#..§§§.$....
#§...§.....
##§.s.......
##..#.§.@f......
#.....§<...§....
..#...§.§.§....#
#.....§...#...#
#....#..#### ..#
..#####.. .. )
#.. # ###


You could see a sleepcap and a scorpion.

Vanquished Creatures
  A water moccasin (D:4)
  A black bear (D:5)
  A phantom (D:4)
  A jelly (D:4)
  Ijyb (D:3)
  2 orc wizards
  A hell rat (Sewer)
  5 adders
  2 river rats (Sewer)
  An ufetubus (D:4)
  3 worms
  5 dart slugs
  7 orcs
  11 bats
  6 endoplasms
  4 giant cockroaches
  12 goblins
  8 hobgoblins
  7 jackals
  5 quokkas
  6 ball pythons
  4 frilled lizards
  9 kobolds
  7 rats
110 creatures vanquished.

Vanquished Creatures (others)
  34 foxfires
  5 plants (D:3)
39 creatures vanquished.

Grand Total: 149 creatures vanquished

Notes
Turn   | Place    | Note
-------+----------+-------------------------------------------
     0 | D:1      | GloriousHammer the Ogre Cinder Acolyte began the quest for
                  | the Orb.
     0 | D:1      | Reached XP level 1. HP: 24/24 MP: 2/2
    87 | D:1      | Reached XP level 2. HP: 30/32 MP: 2/4
   381 | D:1      | Learned a level 2 spell: Scorch
   687 | D:2      | Reached XP level 3. HP: 40/40 MP: 0/5
  1706 | D:2      | Found a faded altar of an unknown god.
  1760 | D:2      | Reached XP level 4. HP: 49/49 MP: 0/7
  1848 | D:2      | Learned a level 3 spell: Swiftness
  1877 | D:3      | Noticed Ijyb
  1880 | D:3      | Killed Ijyb
  2086 | D:3      | Reached skill level 5 in Fighting
  2086 | D:3      | Reached XP level 5. HP: 48/57 MP: 2/8
  2099 | D:3      | Reached skill level 1 in Air Magic
  2332 | D:3      | Found Cudauck's Assorted Antiques.
  2340 | D:3      | Bought 3 scrolls labelled KALI HIL HIJ for 84 gold pieces
  2641 | D:3      | Noticed an ogre
  2641 | D:3      | Noticed superbruh's ghost (weakling GrFi)
  2643 | D:3      | Found a transporter.
  2644 | D:3      | Found a transporter.
  2644 | D:3      | Noticed an ogre
  2644 | D:3      | Noticed an ogre
  3051 | D:3      | Found Qagg's Book Emporium.
  3065 | D:3      | Found a broken altar of Ashenzari.
  3144 | D:3      | Found a blossoming altar of Fedhas.
  3146 | D:3      | Found a shimmering blue altar of Sif Muna.
  3346 | D:3      | Bought a scroll labelled GOAFOBRORI for 28 gold pieces
  3371 | D:4      | Noticed a water moccasin
  3384 | D:4      | Killed a water moccasin
  3385 | D:4      | Reached XP level 6. HP: 54/66 MP: 4/10
  3527 | D:4      | Found a glowing drain.
  3542 | Sewer    | Entered a sewer
  4522 | D:4      | Reached skill level 1 in Throwing
  4522 | D:4      | Reached XP level 7. HP: 74/74 MP: 3/12
  4725 | D:4      | Found an iron altar of Okawaru.
  5007 | D:3      | Bought a sapphire potion for 25 gold pieces
  5007 | D:3      | Bought a red potion for 25 gold pieces
  5007 | D:3      | Bought a scroll labelled QUCOLLO ISAOCI for 28 gold pieces
  5266 | D:5      | Entered Level 5 of the Dungeon
  5274 | D:5      | HP: 3/74 [black bear (6)]
  5275 | D:5      | Slain by a sleepcap

Illustrated notes

Levels and vault maps discovered:
D:1:      minmay_arrival_open_corners, layout_rooms
D:2:      layout_loops_ring, dreamdust_ecumenical_altar_angels_and_demons
D:3:      layout_loops_ring, grunt_temple_overflow_open, serial_shops, shop,
          shop, gammafunk_ghost_smash, serial_bayou_crossing, uniq_ijyb
D:4:      layout_loops_corners, okawaru_gym_becter, gup_sewer_entry_pipe,
          hangedman_decor_lopped
D:5:      layout_cave_pools, enter_ossuary_5, mrwooster_statue_mirror

Skill      XL: |  1  2  3  4  5  6 |
---------------+-------------------+-----
Maces & Flails | 3 4 |  4.0
Fire Magic     | 3 4 |  4.0
Spellcasting   | 2 3 |  3.7
Fighting       | 5 |  5.9
Air Magic      | 1 2 |  2.1
Throwing       | 1 |  1.1

Action                     |  1- 3 |  4- 6 |  7- 9 || total
---------------------------+-------+-------+-------++-------
  Melee: Mace              |    90 |    27 |       ||   117
         Whip              |       |    55 |     1 ||    56
   Cast: Scorch            |    23 |    51 |    12 ||    86
 Invoke: Fiery Armour      |       |     2 |     1 ||     3
         Foxfire Swarm     |       |     1 |     1 ||     2
    Use: Scroll            |       |     2 |     6 ||     8
 Armour: Robe              |    40 |    55 |     3 ||    98
  Dodge: Dodged            |    71 |    48 |     8 ||   127
  Block: Other             |       |     3 |     5 ||     8
         Reflection        |       |     2 |       ||     2

Table legend: (Time is in decaauts)
 A = Elapsed time spent in this place.
 B = Non-inter-level travel time spent in this place.
 C = Inter-level travel time spent in this place.
 D = Time resting spent in this place.
 E = Time spent auto-exploring this place.
 F = Levels seen in this place.
 G = Mean time per level.
                   A        B        C        D        E       F      G
               +--------+--------+--------+--------+--------+-----+--------+
         Total |   5299 |   5040 |    259 |   1440 |   2730 |   6 |  883.2 |
       Dungeon |   4953 |   4694 |    259 |   1200 |   2696 |   5 |  990.6 |
         Sewer |    345 |    345 |      0 |    240 |     34 |   1 |  345.0 |
               +--------+--------+--------+--------+--------+-----+--------+

Top non-repeatable levels by time:
     D:3: 1522 daAuts
     D:4: 1519 daAuts
     D:2: 1207 daAuts
     D:1: 694 daAuts
   Sewer: 345 daAuts
     D:5: 8 daAuts
